 Dungeon Crawl Stone Soup version 0.28.0-53-g5a82cb258f (webtiles) character file.

Game seed: 16381514354963095650

1057 SanguineChosen the Chopper (level 8, -7/69 HPs)
             Began as a Minotaur Berserker on Aug 3, 2022.
             Was an Elder of Trog.
             Mangled by a queen bee (shapeshifter) (9 damage)
             ... in a sewer.
             The game lasted 00:19:20 (5930 turns).

SanguineChosen the Chopper (Minotaur Berserker)     Turns: 5930, Time: 00:19:20

Health: -7/69      AC: 12    Str: 23    XL:     8   Next: 6%
Magic:  7/7        EV:  4    Int:  4    God:    Trog [****..]
Gold:   269        SH: 14    Dex: 11    Spells: 7/7 levels left

rFire   . . .      SeeInvis .   a - +0 hand axe (chaos)
rCold   . . .      Faith    .   f - +1 tower shield
rNeg    . . .      Spirit   .   e - +0 plate armour
rPois   .          Reflect  .   (helmet restricted)
rElec   .          Harm     .   (no cloak)
rCorr   .          Rampage  .   (no gloves)
Will    ++...                   (no boots)
Stlth   ..........              (no amulet)
HPRegen 1.21/turn               (no ring)
MPRegen 0.10/turn               (no ring)

@: mighty, lethally poisoned (-7 -> -8), strong-willed, regenerating
A: horns 2, retaliatory headbutt
a: Renounce Religion, Berserk, Trog's Hand, Brothers in Arms


You were in a sewer.
You worshipped Trog.
Trog was greatly pleased with you.
You visited 1 branch of the dungeon, and saw 6 of its levels.
You also visited: Sewer.

You collected 269 gold pieces.

Inventory:

Hand Weapons
 a - a +0 hand axe of chaos (weapon)
Missiles
 k - 6 atropa-tipped darts (quivered)
Armour
 e - a +0 plate armour (worn)
 f - a +1 tower shield (worn)
Scrolls
 c - a scroll of fear {unknown}
 g - a scroll of blinking {unknown}
 l - 3 scrolls of amnesia {unknown}
 o - 3 scrolls of identify
 s - a scroll of enchant weapon {unknown}
 t - a scroll of fog
 u - a scroll of enchant armour
Potions
 b - a potion of attraction {unknown}
 d - a potion of invisibility {unknown}
 h - 2 potions of berserk rage
 i - a potion of brilliance {unknown}
 j - 2 potions of resistance {unknown}
 n - a potion of mutation {unknown}
 p - a potion of haste {unknown}
 q - a potion of heal wounds {unknown}
 r - a potion of degeneration {unknown}


   Skills:
 + Level 5.5 Fighting
 + Level 7.4 Axes
 + Level 5.6 Armour
 + Level 2.9 Dodging
 + Level 5.7 Shields


You had 7 spell levels left.
You didn't know any spells.
Your spell library was empty.

Dungeon Overview and Level Annotations

Branches:
Dungeon (6/15)              Sewer (1/1)
 Temple: D:4-7

Altars:
Yredelemnul

Shops:
D:2 *


Innate Abilities, Weirdness & Mutations

You have a pair of horns on your head.
You reflexively headbutt those who attack you in melee.


Message History

You closely miss the queen bee.
The queen bee is heavily wounded.
You feel very sick. You block the queen bee's attack. The queen bee stings you.
You miss the queen bee. Your headbutt misses the queen bee.
The queen bee is heavily wounded.
You feel sick. You block the queen bee's attack. The queen bee stings you!
You hit the queen bee but do no damage.
The queen bee is heavily wounded.
You feel sick. The queen bee stings you!
You feel very mighty all of a sudden.
You feel sick. You block the queen bee's attack. The queen bee stings you.
You closely miss the queen bee.
The queen bee is heavily wounded.
You feel sick. You block the queen bee's attack. x2
You barely miss the queen bee.
The queen bee is heavily wounded.
You feel sick. The queen bee stings you.
* * * LOW HITPOINT WARNING * * *
You are more poisoned.
The queen bee poisons you! The queen bee barely misses you.
You furiously retaliate!
You headbutt the queen bee. You closely miss the queen bee.
The queen bee is heavily wounded.
You feel very sick. The queen bee stings you.
* * * LOW HITPOINT WARNING * * *
You block the queen bee's attack.
You hit the queen bee but do no damage.
The queen bee is heavily wounded.
* * * LOW HITPOINT WARNING * * *
You feel sick. The queen bee stings you.
* * * LOW HITPOINT WARNING * * *
The queen bee barely misses you.
Your skin crawls.
You feel strong-willed.
* * * LOW HITPOINT WARNING * * *
You feel sick. The queen bee barely misses you.
You feel sick. The queen bee stings you!
You die...

#.....≈≈≈≈≈..≈≈≈≈≈
#....†≈≈≈≈≈≈.≈≈≈≈≈
##....≈≈≈≈≈≈.≈.≈≈≈≈
#..†..#≈≈≈≈≈≈≈≈≈≈≈≈
#....##############
##...## #...##
#....+ #..@.#
##.y.# #...†#
#...... ##.....≈≈
#.....≈≈≈≈
#.....≈≈≈≈
##...≈≈≈≈≈
###.#≈≈≈≈


You could see a queen bee shaped shifter (fast, agile, drained).

Vanquished Creatures
  A water moccasin (D:3)
  A sky beast (D:5)
  A necrophage (D:5)
  An ogre (D:5)
  A scorpion (D:3)
  2 hounds (D:4)
  A centaur skeleton (D:5)
  A jelly (D:4)
  3 orc priests (D:5)
  An iguana (D:4)
  Jessica (D:3)
  A bullfrog skeleton (D:4)
  Natasha (thrice) (D:4)
  A hound skeleton (D:4)
  2 gnolls (D:1)
  7 adders
  4 river rats (Sewer)
  A shadow imp (D:4)
  An ufetubus (D:5)
  An adder skeleton (D:4)
  3 dart slugs
  13 orcs
  16 ball pythons
  5 endoplasms
  3 giant cockroaches
  3 goblins
  7 hobgoblins
  2 jackals (D:1)
  8 quokkas
  6 bats
  6 frilled lizards
  10 kobolds
  28 rats
145 creatures vanquished.

Vanquished Creatures (others)
  An orc (D:5)
  A plant (D:2)
2 creatures vanquished.

Grand Total: 147 creatures vanquished

Notes
Turn   | Place    | Note
-------+----------+-------------------------------------------
     0 | D:1      | SanguineChosen the Minotaur Berserker began the quest for
                  | the Orb.
     0 | D:1      | Reached XP level 1. HP: 19/19 MP: 0/0
   324 | D:1      | Reached XP level 2. HP: 23/27 MP: 1/1
   484 | D:1      | Reached skill level 4 in Axes
   491 | D:1      | HP: 1/27 [gnoll/+0 club (8)]
   500 | D:1      | Reached XP level 3. HP: 14/33 MP: 2/2
   789 | D:1      | Found a faded altar of an unknown god.
   796 | D:1      | Reached ** piety under Trog
   976 | D:1      | You fall into a shaft and drop 1 floor!
   976 | D:2      | Found Uttaoph's General Store.
  1407 | D:2      | Reached XP level 4. HP: 41/41 MP: 3/3
  1732 | D:2      | Reached skill level 1 in Shields
  2452 | D:3      | Reached skill level 5 in Axes
  2490 | D:3      | Noticed a water moccasin
  2490 | D:3      | Noticed Jessica
  2509 | D:3      | Killed a water moccasin
  2510 | D:3      | Reached XP level 5. HP: 20/47 MP: 4/4
  2511 | D:3      | Killed Jessica
  2539 | D:3      | Reached XP level 6. HP: 24/55 MP: 5/5
  3202 | D:4      | Reached skill level 5 in Fighting
  3361 | D:4      | Reached *** piety under Trog
  3592 | D:4      | Noticed Natasha
  3602 | D:4      | Killed Natasha
  3922 | D:4      | Noticed Natasha
  3930 | D:4      | Reached skill level 6 in Axes
  3930 | D:4      | Killed Natasha
  4284 | D:4      | Reached XP level 7. HP: 61/61 MP: 6/6
  4321 | D:4      | Noticed Natasha
  4327 | D:4      | Killed Natasha
  4404 | D:5      | Entered Level 5 of the Dungeon
  4919 | D:5      | Found a basalt altar of Yredelemnul.
  4992 | D:5      | Reached skill level 7 in Axes
  4992 | D:5      | Reached skill level 5 in Armour
  5057 | D:5      | Reached skill level 5 in Shields
  5491 | D:6      | Found a glowing drain.
  5506 | Sewer    | Entered a sewer
  5580 | Sewer    | Reached **** piety under Trog
  5631 | Sewer    | Reached XP level 8. HP: 41/69 MP: 7/7
  5907 | Sewer    | Noticed a shapeshifter
  5907 | Sewer    | an adder changed into a shapeshifter
  5907 | Sewer    | Noticed a queen bee
  5907 | Sewer    | a shapeshifter changed into a queen bee
  5928 | Sewer    | HP: 2/69 [queen bee (shapeshifter) (4)]
  5930 | Sewer    | Mangled by a queen bee (shapeshifter)

Illustrated notes

Levels and vault maps discovered:
D:1:      dpeg_arrival_rhombi, layout_basic,
          hellmonk_ecumenical_altar_heavens_door
D:2:      wad_lake_hut, layout_rooms, serial_shops, nicolae_shop_statue_plus,
          kennysheep_generic_room_16
D:3:      layout_loops_ring, uniq_jessica
D:4:      layout_loops_ring, minmay_misc_feat_rugged, roderic_roman_lattice,
          minmay_misc_feat_four_crosses, uniq_natasha
D:5:      layout_gridville, mainiacjoe_overflow_cross_hatched,
          ebering_dispersal_statue_hall
D:6:      layout_gridville, minmay_temple_entry_arrows,
          cheibrodos_sewer_entry_drain, uniq_menkaure
Sewer:    sewer_minmay_w

Skill      XL: |  1  2  3  4  5  6  7 |
---------------+----------------------+-----
Fighting       | 4 5 |  5.5
Axes           | 4 5 6 7 |  7.4
Shields        | 2 3 4 5 |  5.7
Armour         | 3 4 5 |  5.6
Dodging        | |  2.9

Action                   |  1- 3 |  4- 6 |  7- 9 || total
-------------------------+-------+-------+-------++-------
Melee: Hand axe          |    82 |   148 |   161 ||   391
       Headbutt          |     7 |    17 |    21 ||    45
Invok: Trog's Hand       |       |       |     1 ||     1
  Use: Potion            |     1 |     2 |     2 ||     5
       Scroll            |       |     5 |       ||     5
 Stab: Confused          |       |       |     2 ||     2
Armor: Animal skin       |    16 |       |       ||    16
       Plate armour      |    20 |    87 |    77 ||   184
Dodge: Dodged            |    55 |    18 |    18 ||    91
Block: Tower shield      |     8 |    88 |   119 ||   215
